 Dungeon Crawl Stone Soup version 0.30-a0-986-g7f2e898f52 (webtiles) character file.

Game seed: 17694383457465040409

111 bande the Covered (level 4, -6/29 HPs)
             Began as a Gargoyle Fighter on Apr 2, 2023.
             Mangled by Natasha (7 damage)
             ... on level 2 of the Dungeon.
             The game lasted 00:02:53 (1339 turns).

bande the Covered (Gargoyle Fighter)                Turns: 1339, Time: 00:02:54

Health: -6/29      AC: 11    Str: 20    XL:     4   Next: 92%
Magic:  4/4        EV:  9    Int:  8    God:
Gold:   132        SH:  4    Dex: 11    Spells: 3/3 levels left

rFire   . . .      SeeInvis .    a - +0 war axe
rCold   . . .      Faith    .    c - +0 buckler
rNeg    + . .      Spirit   .    b - +0 scale mail
rPois   ∞          Reflect  .    (no helmet)
rElec   +          Rampage  .    h - +0 cloak
rCorr   .                        (no gloves)
Will    .....                    (no boots) Stlth
                                 (no amulet)
HPRegen 0.24/turn                (no ring)
MPRegen 0.09/turn                (no ring)

@: slowed, very slow
A: sickness immunity, AC +3, negative energy resistance 1, electricity
resistance, torment resistance 1, petrification resistance
a: no special abilities


You were on level 2 of the Dungeon.
You visited 1 branch of the dungeon, and saw 2 of its levels.

You collected 132 gold pieces.

Inventory:

Hand Weapons
 a - a +0 war axe (weapon)
Armour
 b - a +0 scale mail (worn)
 c - a +0 buckler (worn)
 h - a +0 cloak (worn)
Wands
 l - a wand of polymorph (12)
Scrolls
 e - a scroll of blinking {unknown}
 f - a scroll of noise {unknown}
 g - a scroll of immolation {unknown}
 i - a scroll of magic mapping {unknown}
 j - a scroll of fog {unknown}
 k - a scroll of amnesia {unknown}
Potions
 d - a potion of might


   Skills:
 + Level 3.8 Fighting
 + Level 3.3 Axes
 + Level 4.0 Armour
 + Level 3.8 Shields


You had 3 spell levels left.
You didn't know any spells.
Your spell library was empty.

Dungeon Overview and Level Annotations

Branches:
Dungeon (2/15)

Altars:

Annotations:
D:2 Natasha


Innate Abilities, Weirdness & Mutations

You are immune to sickness and miasma.
Your stone body is resilient. (AC +3)
You are immune to poison.
You resist negative energy. (rN+)
You are resistant to electric shocks. (rElec)
You are resistant to unholy torment.
You are immune to petrification.


Message History

The crimson imp blinks!
You closely miss Natasha. You block Natasha's attack.
Natasha claws you but does no damage.
You barely miss Natasha. Natasha barely misses you.
You closely miss Natasha.
Natasha casts a spell.
Natasha closely misses you.
You closely miss Natasha.
The crimson imp blinks!
Natasha stares at you and mumbles some strange words.
You resist with some effort.
You barely miss Natasha. Natasha claws you. Natasha barely misses you.
You are too injured to fight recklessly!
You are too injured to fight recklessly!
You are too injured to fight recklessly!
You are too injured to fight recklessly!
You are too injured to fight recklessly!
You are too injured to fight recklessly!
You are too injured to fight recklessly!
Unknown command.
You barely miss Natasha.
Natasha stares at you and mumbles some strange words.
You feel yourself slow down.
You slash Natasha!
Natasha is severely wounded.
Natasha claws you!
* * * LOW HITPOINT WARNING * * *
Natasha claws you.
* * * LOW HITPOINT WARNING * * *
Unknown command.
You hit Natasha.
Natasha is almost dead.
Natasha claws you but does no damage. Natasha claws you.
* * * LOW HITPOINT WARNING * * *
Unknown command.
You hit Natasha but do no damage.
Natasha is almost dead.
Natasha misses you. The white imp spits at you.
The crimson imp blinks!
Natasha claws you!
You die...

#.# ##.## .
#####.##### #.# .
#.........# #.#
#. #.###.###.#
#'# #. #.###.#
#.# ... ###
#.....###.# ...
#.. #..#...##.#
... #.#
#.......#.##.....
###..
#.#......@h§5....
....
#.#.#.5.#.##.....
##.. #.........#
... #.#
###.####### . #..
#.# ### .. #+# #
#.# #.# ##.##


You could see Natasha, a crimson imp (summoned) and a white imp (summoned).

Vanquished Creatures
  Jessica (D:2)
  Natasha (D:2)
  An adder (D:2)
  3 dart slugs
  5 ball pythons (D:1)
  10 bats
  2 endoplasms (D:1)
  2 giant cockroaches
  A goblin (D:1)
  3 hobgoblins
  2 jackals (D:1)
  3 quokkas (D:1)
  A frilled lizard (D:1)
  2 kobolds (D:2)
  7 rats
44 creatures vanquished.

Notes
Turn   | Place    | Note
-------+----------+-------------------------------------------
     0 | D:1      | bande the Gargoyle Fighter began the quest for the Orb.
     0 | D:1      | Reached XP level 1. HP: 14/14 MP: 1/1
    98 | D:1      | Reached XP level 2. HP: 19/19 MP: 2/2
   356 | D:1      | Reached XP level 3. HP: 21/23 MP: 3/3
   984 | D:2      | Noticed Natasha
   992 | D:2      | Killed Natasha
   993 | D:2      | Reached XP level 4. HP: 25/29 MP: 4/4
  1100 | D:2      | Noticed Jessica
  1112 | D:2      | Killed Jessica
  1113 | D:2      | Reached skill level 4 in Armour
  1324 | D:2      | Noticed Natasha
  1338 | D:2      | HP: 1/29 [Natasha (5)]
  1339 | D:2      | Mangled by Natasha

Illustrated notes

Levels and vault maps discovered:
D:1:      scummos_arrival_forest, layout_basic, serial_glass, glass_columns_a,
          glass_columns_b, minmay_heptomino_w4
D:2:      layout_loops_corners, uniq_natasha, uniq_jessica

Skill      XL: |  1  2  3  4 |
---------------+-------------+-----
Axes           | 2 3 |  3.3
Armour         | 4 |  4.0
Fighting       | |  3.8
Shields        | |  3.8

Action                     |  1- 3 |  4- 6 || total
---------------------------+-------+-------++-------
  Melee: War axe           |   115 |    39 ||   154
 Armour: Scale mail        |    87 |    15 ||   102
  Dodge: Dodged            |    79 |    15 ||    94
  Block: Buckler           |    38 |     9 ||    47

Table legend: (Time is in decaauts)
 A = Elapsed time spent in this place.
 B = Non-inter-level travel time spent in this place.
 C = Inter-level travel time spent in this place.
 D = Time resting spent in this place.
 E = Time spent auto-exploring this place.
 F = Levels seen in this place.
 G = Mean time per level.
                   A        B        C        D        E       F      G
               +--------+--------+--------+--------+--------+-----+--------+
         Total |   1410 |   1373 |     37 |      0 |    960 |   2 |  705.0 |
       Dungeon |   1410 |   1373 |     37 |      0 |    960 |   2 |  705.0 |
               +--------+--------+--------+--------+--------+-----+--------+

Top non-repeatable levels by time:
     D:1: 965 daAuts
     D:2: 444 daAuts
